 Dungeon Crawl Stone Soup version 0.31.0-32-g396128a36d (webtiles) character file.

Game seed: 4940465789432250863

25 bearlyready the Slasher (level 3, -3/30 HPs)
             Began as a Barachi Berserker on Mar 18, 2024.
             Was a Follower of Trog.
             Slain by Terence
             ... wielding a +1 heavy flail
              (16 damage)
             ... on level 2 of the Dungeon.
             The game lasted 00:01:09 (643 turns).

bearlyready the Slasher (Barachi Berserker)          Turns: 643, Time: 00:01:10

Health: -3/30      AC:  5    Str: 20    XL:     3   Next: 6%
Magic:  3/3        EV: 12    Int:  7    God:    Trog [*.....]
Gold:   48         SH:  0    Dex: 11    Spells: 2/2 levels left

rFire   . . .        a - +0 falchion
rCold   . . .        (no shield)
rNeg    . . .        b - +0 animal skin
rPois   .            (no helmet)
rElec   .            (no cloak)
rCorr   .            e - +2 pair of gloves
SInv    .            (no boots)
Will    .....        (no amulet)
Stlth   +            (no ring)
HPRegen 0.25/turn    (no ring)
MPRegen 0.08/turn

%: no passive effects
@: slow
A: amphibious, slowness 1, strong legs 1, +LOS
a: Hop, Renounce Religion, Berserk


You were on level 2 of the Dungeon.
You worshipped Trog.
Trog was aware of your devotion.
You visited 1 branch of the dungeon, and saw 2 of its levels.

You collected 48 gold pieces.

Inventory:

Hand Weapons
 a - a +0 falchion (weapon)
Armour
 b - a +0 animal skin (worn)
 e - a +2 pair of gloves (worn)
Scrolls
 c - a scroll of teleportation {unknown}
 g - a scroll of amnesia {unknown}
 i - a scroll of immolation {unknown}
 j - a scroll of vulnerability {unknown}
 k - a scroll of noise {unknown}
Potions
 d - a potion of curing {unknown}
 f - 2 potions of might {unknown}
 h - a potion of lignification {unknown}


   Skills:
 + Level 3.7 Fighting
 - Level 5.0 Long Blades
 - Level 2.4 Armour
 - Level 2.1 Dodging


You had 2 spell levels left.
You didn't know any spells.
Your spell library was empty.

Dungeon Overview and Level Annotations

Branches:
Dungeon (2/15)

Altars:

Annotations:
D:2 Terence


Innate Abilities, Weirdness & Mutations

You are amphibious.
You cover ground slowly.
You can hop short distances.
You have an extended range of vision and can be seen from far away.


Message History

Terence misses you.
You hit Terence.
Terence is lightly wounded.
You closely miss Terence.
Terence is lightly wounded.
Terence hits you but does no damage.
You hit Terence but do no damage.
Terence is lightly wounded.
Terence closely misses you.
You hit Terence but do no damage.
Terence is lightly wounded.
Terence completely misses you.
You barely miss Terence.
Terence is lightly wounded.
An adder comes into view.
The adder hisses angrily.
You hit Terence.
Terence is lightly wounded.
Terence says, "Did you write a will?
You should..."
Terence barely misses you.
You closely miss Terence.
Terence is lightly wounded.
Terence hits you with a +1 heavy flail.
You hit Terence but do no damage.
Terence is lightly wounded.
You hit Terence.
Terence is moderately wounded.
Terence misses you.
You closely miss Terence.
Terence is moderately wounded.
Terence hits you with a +1 heavy flail!
You are too injured to fight recklessly!
You slash Terence!
Terence is severely wounded.
You hit Terence but do no damage.
Terence is severely wounded.
Terence hits you with a +1 heavy flail!
Ouch! That really hurt!
You die...
Terence says, "Rest in peace."

.## ..#
. #.# ..
#.# ..
#.# ..
#.# .#
#<# ..
#.##.#.#
#†@@S..#
####..##
.# .. .#
#


You could see Terence and an adder.

Vanquished Creatures
  A dart slug (D:1)
  A ball python (D:2)
  An endoplasm (D:1)
  3 giant cockroaches (D:1)
  2 goblins (D:1)
  4 hobgoblins
  3 kobolds (D:1)
  A quokka (D:1)
  2 bats (D:1)
  2 frilled lizards (D:1)
  A rat (D:1)
21 creatures vanquished.

Notes
Turn   | Place    | Note
-------+----------+-------------------------------------------
     0 | D:1      | bearlyready the Barachi Berserker began the quest for the
                  | Orb.
     0 | D:1      | Reached XP level 1. HP: 18/18 MP: 1/1
    60 | D:1      | Reached skill level 4 in Long Blades
   151 | D:1      | Reached XP level 2. HP: 19/24 MP: 2/2
   627 | D:2      | Reached skill level 5 in Long Blades
   627 | D:2      | Reached XP level 3. HP: 22/29 MP: 3/3
   627 | D:2      | Noticed Terence
   643 | D:2      | Slain by Terence

Illustrated notes

Levels and vault maps discovered:
D:1:      wander_arrival_peaceful_grave, layout_rooms
D:2:      layout_rooms, grunt_decor_arrowhead, uniq_terence

Skill      XL: |  1  2 |
---------------+-------+-----
Long Blades    | 4 5 |  5.0
Fighting       | |  3.7
Armour         | |  2.4
Dodging        | |  2.1

Action                     || total
---------------------------++-------
  Melee: Falchion          ||    86
   Stab: Sleeping          ||     1
 Armour: Animal skin       ||    39
  Dodge: Dodged            ||    57
